[Event "*** SCC Grand Prix: Titled Tuesday Blitz"]
[Site "Chess.com"]
[Date "2020.09.08"]
[Round "9"]
[White "narutosmith"]
[Black "jucAxx"]
[Result "0-1"]
[WhiteElo "2229"]
[BlackElo "2075"]
[TimeControl "180+1"]
[EndTime "11:47:55 PDT"]
[Termination "jucAxx won on time"]

1. c4 e5 2. Nc3 Nc6 3. Nf3 g6 4.
d4 d6 5. Bg5 f6 6. Be3 Bg7 7. h4 Nge7 8. h5 Nf5 9. hxg6 Nxe3 10.
fxe3 hxg6 11. Rxh8+ Bxh8 12. Qd3 Bf5 13. e4 Bg4 14.
O-O-O Qe7 15. Nd5 Qf7 16. dxe5 fxe5 17. Ng5 Qd7 18. c5 O-O-O 19. cxd6 cxd6 20. Kb1 Kb8 21. Rc1 Bg7 22. e3 Be6 23. Qa3 Bh6 24. Nxe6 Qxe6 25. Bb5 Ne7 26. Nc7 Qg4 27. Qb4 Bxe3 28. Na6+ Ka8 29.
Nc7+ Kb8 30. Na6+ Ka8 31. Re1 Bc5 32. Nxc5 dxc5 33. Qb3 Qxg2 34. Bc4 Nc6 35. Bd5 Qd2 36. Rc1 Qb4 37. Qf3 Nd4 38. Qf6 Rb8 39. Qd6 Ne2 40. Rd1 Nc3+ 41. Kc2 Nxd1 42. Kxd1 Qd4+ 43. Kc2 g5 44. Qg6 Qe3 45. a4 Qe2+ 46. Kb3 g4 47. Qg5 Qd1+ 48. Ka2 Qxa4+ 49. Kb1 Qd1+ 50. Ka2 Qd4 51.
Kb1 Rf8 52. Qxg4 Rf1+ 53. Kc2 Rf2+ 54. Kb1 Qd3+ 55. Ka2 Qa6+ 56. Kb3 Qd3+ 57. Ka2 Qa6+ 0-1

[Event "*** SCC Grand Prix: Titled Tuesday Blitz"]
[Site "Chess.com"]
[Date "2020.09.08"]
[Round "9"]
[White "ErikRonka"]
[Black "mamey78"]
[Result "1-0"]
[WhiteElo "2263"]
[BlackElo "2434"]
[TimeControl "180+1"]
[EndTime "11:47:58 PDT"]
[Termination "ErikRonka won on time"]

1. e4 e5 2. Nf3 Nc6 3. Bb5 a6 4. Ba4 Nf6 5. O-O b5 6. Bb3 Be7 7. Re1 O-O 8. a4 Bb7 9. d3 Re8 10. c3 Bf8 11. Nbd2 h6 12. Nf1 Na5 13. Bc2 c5 14.
Ng3 d5 15. Qe2 Qc7 16. Nf5 c4 17. Ng3 b4 18. dxc4 dxe4 19. Nxe4 Nxe4 20. Bxe4 bxc3 21. Bxb7 Qxb7 22. bxc3 Qc7 23. Nd2 Rac8 24. Rb1 Nxc4 25. Ne4 Qc6 26. Qf3 Re6 27. Rd1 Qxa4 28. Be3 Qc6 29.
Ra1 a5 30. Nd2 Nxe3 31. Qxe3 Qxc3 32. Qxc3 Rxc3 33. Ne4 Rc2 34. Rxa5 f5 35. Ng3 g6 36.
h4 Bb4 37. Ra7 Bc5 38. Rd8+ Bf8 39. Raa8 Rf6 40. h5 g5 41. Nf1 f4 42. Nd2 Kf7 43.
Ne4 Be7 44. Nxf6 Bxf6 45. Rd7+ Ke6 46. Rh7 e4 47. Rxh6 e3 48. Ra6+ Kd5 49. fxe3 Be5 50. exf4 Bd4+ 51. Kf1 gxf4 52. Rhd6+ Kc4 53. h6 1-0

[Event "*** SCC Grand Prix: Titled Tuesday Blitz"]
[Site "Chess.com"]
[Date "2020.09.08"]
[Round "9"]
[White "PIwan"]
[Black "Jenia84"]
[Result "1/2-1/2"]
[WhiteElo "2549"]
[BlackElo "2338"]
[TimeControl "180+1"]
[EndTime "11:47:59 PDT"]
[Termination "Game drawn by repetition"]

1. c4 Nf6 2. Nc3 e5 3. Nf3 Nc6 4. e3 d5 5. cxd5 Nxd5 6. Bb5 Nxc3 7. bxc3 Bd6 8. d4 exd4 9. cxd4 O-O 10. O-O Ne7 11.
e4 c6 12. Bd3 Ng6 13. e5 Be7 14. h3 Be6 15. Be3 Rc8 16. Qc2 Qa5 17. Nd2 c5 18. Nb3 Qc7 19. dxc5 Qxe5 20. Rac1 b6 21. Bd4 Bxb3 22.
Qc3 Qd5 23. axb3 Rfd8 24. Bxg6 hxg6 25. Bxg7 Rxc5 26. Qb2 Rxc1 27. Rxc1 Qd2 28. Qxd2 Rxd2 29. Be5 Bc5 30. Bg3 a5 31. Rc3 f5 32. Rf3 Kf7 33. h4 Ke6 34. Kh2 Rb2 35. Kh3 Rb1 36. Bf4 Rh1+ 37.
Kg3 Be7 38. Bg5 Bxg5 39. hxg5 Rb1 40. Kf4 b5 41. Re3+ Kf7 42. Rc3 a4 43. bxa4 Rb4+ 44. Ke5 Re4+ 45. Kd5 bxa4 46. Rc7+ Re7 47. Rc3 Rd7+ 48. Kc6 Rd2 49. Rf3 a3 50. Rxa3 Rxf2 51. Rg3 Kg7 52. Kd5 Rf4 53. Ke5 Re4+ 54. Kd5 Rf4 55.
Ke5 Re4+ 56. Kd5 Re7 57. Kd6 Re4 58. Kd5 1/2-1/2

[Event "*** SCC Grand Prix: Titled Tuesday Blitz"]
[Site "Chess.com"]
[Date "2020.09.08"]
[Round "9"]
[White "AlexSuv"]
[Black "fighter2jz"]
[Result "0-1"]
[WhiteElo "2538"]
[BlackElo "2714"]
[TimeControl "180+1"]
[EndTime "11:48:00 PDT"]
[Termination "fighter2jz won by resignation"]

1. d4 Nf6 2. c4 e6 3. Nf3 d5 4.
Nc3 Bb4 5. cxd5 exd5 6. Bg5 h6 7. Bh4 g5 8. Bg3 Ne4 9. Qc2 Bf5 10. Qb3 c5 11. e3 Nc6 12. Bb5 Qa5 13. O-O c4 14. Qa4 Qxa4 15. Nxa4 Bd7 16. a3 Be7 17. Nc3 Nxc3 18.
bxc3 f6 19. Rfe1 a6 20. Ba4 b5 21. Bc2 f5 22. Ne5 Nxe5 23. Bxe5 O-O 24. f3 Bd8 25. e4 Ba5 26. Rad1 fxe4 27. fxe4 Bg4 28. Rb1 Rae8 29. exd5 Bxc3 30. Re3 Bd2 31. Rg3 Bd7 32. d6 Bf4 33. Bxf4 Rxf4 34. Rd1 Re2 35. Bb1 Re6 36. h4 Rxh4 37.
d5 Rxd6 38. Re3 Rf4 39. Re7 Rf7 40. Re5 Kf8 41. Rde1 Kg7 42. Kh2 g4 43. Kg3 a5 44.
Kh4 b4 45. axb4 axb4 46. R1e4 c3 47. Rxb4 Rf1 48. Be4 Rh1+ 49. Kg3 Re1 50. Rc4 Kf6 51. Rh5 Kg7 52. Bd3 Re3+ 53. Kh4 Rxd3 54. Rf4 R3xd5 55. g3 Rxh5+ 56. Kxh5 Be8+ 57. Kh4 Bg6 58. Rxg4 c2 59.
Rc4 Rd1 60. Rc6 Kf8 61. Rxg6 c1=Q 62. Rf6+ Kg7 63. Rg6+ 0-1

[Event "*** SCC Grand Prix: Titled Tuesday Blitz"]
[Site "Chess.com"]
[Date "2020.09.08"]
[Round "9"]
[White "Butterfly"]
[Black "Sven_Tica"]
[Result "0-1"]
[WhiteElo "2491"]
[BlackElo "2694"]
[TimeControl "180+1"]
[EndTime "11:48:00 PDT"]
[Termination "Sven_Tica won by resignation"]

1. d4 d5 2. c4 e6 3. Nc3 Nf6 4. Bg5 Be7 5. cxd5 Nxd5 6. Bxe7 Qxe7 7. e4 Nxc3 8. bxc3 e5 9. Bd3 O-O 10. Nf3 Nc6 11. h3 Rd8 12. d5 Na5 13. O-O b6 14. Bb5 c6 15. Be2 cxd5 16. exd5 e4 17. Nd4 Qc5 18. c4 Ba6 19. Nb3 Qb4 20. Nxa5 Qxa5 21.
Qd4 Rac8 22. Qxe4 Re8 23. Qg4 Qd2 24. Bf3 Bxc4 25. Rfd1 Qa5 26. d6 Be6 27. Qf4 Red8 28. Rd2 Rc4 29. Qe3 Rc3 30. Qd4 Qc5 31. Rad1 Qxd4 32.
Rxd4 Kf8 33. Ra4 a5 34. Bg4 f5 35. Bxf5 Bxf5 36. Rf4 g6 37. g4 Rc5 38. gxf5 gxf5 39. Rh4 Rd7 40. Rh6 Re5 41. Rh5 Ke8 42. f4 Rg7+ 43.
Kf2 Rc5 44. Rg5 Rxg5 45. fxg5 Kd7 46. Ke3 Rc3+ 47. Kf4 Rxh3 48. Kxf5 Rh2 49. a4 Rh4 50. Ke5 Rg4 51. Kf6 Rxa4 52. Kg7 Rg4 53. Rd5 Rh4 54. Kf6 a4 55. Ke5 Rg4 56. Kf5 Rg1 57.
Rd4 b5 58. Rd5 a3 59. Rxb5 a2 60. Rb7+ Kxd6 61. Ra7 a1=Q 0-1

[Event "*** SCC Grand Prix: Titled Tuesday Blitz"]
[Site "Chess.com"]
[Date "2020.09.08"]
[Round "9"]
[White "angryhorse9"]
[Black "Evgeny81"]
[Result "1-0"]
[WhiteElo "2529"]
[BlackElo "2658"]
[TimeControl "180+1"]
[EndTime "11:48:01 PDT"]
[Termination "angryhorse9 won by resignation"]

1. e4 c5 2. Nf3 Nc6 3. Bb5 e6 4. O-O Nge7 5. d4 cxd4 6. Nxd4 a6 7. Nxc6 dxc6 8. Bd3 e5 9. Qe2 Ng6 10. Be3 Be7 11.
Nd2 Bg5 12. a4 O-O 13. a5 Be6 14. Nc4 Qe7 15. c3 Bxe3 16. Qxe3 Rad8 17. Rfd1 h5 18. Bf1 h4 19. b4 Qf6 20. g3 Bg4 21. Be2 Bh3 22. Rxd8 Rxd8 23. Rd1 Rxd1+ 24. Bxd1 Be6 25. Be2 h3 26. f3 Nf4 27. Bf1 Ng6 28. Kf2 Qe7 29. Qd2 Kf8 30. Qd6 f6 31. Qb8+ Qe8 32.
Qxe8+ Kxe8 33. Nd6+ Kd7 34. Nxb7 Kc7 35. Bxa6 f5 36.
exf5 Bxf5 37. Nc5 Ne7 38. Bc4 Nc8 39. Ke3 Nd6 40. Bd3 Bc8 41. Be4 Nc4+ 42. Kd3 Nb2+ 43. Kc2 Nc4 44. Kd3 Nb2+ 45. Ke3 Nd1+ 46. Ke2 Nxc3+ 47. Kd3 Nb5 48. g4 Nd6 49. Bg6 Nb5 50. Bf5 Bxf5+ 51. gxf5 Nd6 52. Ne6+ Kd7 53. Nxg7 Ke7 54. a6 Nb5 55. Nh5 Kf7 56. Kc4 Na7 57.
Kc5 Ke7 58. Kb6 1-0

[Event "*** SCC Grand Prix: Titled Tuesday Blitz"]
[Site "Chess.com"]
[Date "2020.09.08"]
[Round "9"]
[White "Jungle_Jaguar"]
[Black "Olga_Girya"]
[Result "0-1"]
[WhiteElo "2646"]
[BlackElo "2504"]
[TimeControl "180+1"]
[EndTime "11:48:01 PDT"]
[Termination "Olga_Girya won by checkmate"]

1. e4 c6 2. d4 d5 3. e5 Bf5 4. h4 h5 5. c4 e6 6. Nc3 Ne7 7.
Nge2 Nd7 8. Ng3 Bg6 9. Bg5 Qb6 10. Bd3 Qxb2 11. Rc1 Bxd3 12. Qxd3 dxc4 13. Qxc4 Nd5 14. O-O N7b6 15. Qd3 Qa3 16. Nge4 Bb4 17. Rfd1 Bxc3 18.
Nxc3 Nxc3 19. Rxc3 Qxa2 20. Rc2 Qa6 21. Qxa6 bxa6 22.
Rxc6 Rc8 23. Rxc8+ Nxc8 24. Ra1 Kd7 25. Rxa6 Kc7 26.
f4 Kb7 27. Ra2 Nb6 28. Kf2 Rc8 29. g4 hxg4 30. Kg3 Rc4 31. Rd2 a5 32. Kxg4 g6 33. Be7 Nd5 34. Bc5 a4 35. Kg5 Rc3 36. Ra2 Rc4 37.
Rf2 Kc6 38. Kh6 Rc3 39. Kg7 a3 40. Kxf7 Rb3 41. Kxe6 Rb2 42. Rf3 a2 43. Ra3 Nc3 44. Bd6 Nb5 45. Bc5 Nxa3 46. Bxa3 a1=Q 47. Bxb2 Qxb2 48.
d5+ Kc5 49. d6 Qb3+ 50. Kf6 Qd5 51. d7 Qxd7 52. Kxg6 Kd5 53. h5 Qe6+ 54. Kg5 Ke4 55.
h6 Qf5+ 56. Kh4 Qxf4+ 57. Kh5 Qf5+ 58. Kh4 Kf4 59. h7 Qg4# 0-1

[Event "*** SCC Grand Prix: Titled Tuesday Blitz"]
[Site "Chess.com"]
[Date "2020.09.08"]
[Round "9"]
[White "dretch"]
[Black "OminousOmen"]
[Result "1/2-1/2"]
[WhiteElo "2808"]
[BlackElo "2950"]
[TimeControl "180+1"]
[EndTime "11:48:02 PDT"]
[Termination "Game drawn - insufficient material"]

1. d4 Nf6 2. c4 g6 3. Nc3 Bg7 4. e4 d6 5. Nf3 O-O 6. h3 e5 7. d5 Na6 8. Bg5 h6 9. Be3 Nc5 10. Nd2 Nh5 11. b4 Na6 12. a3 Nf4 13. c5 f5 14. Rc1 Nxg2+ 15. Bxg2 f4 16. Qf3 Kh7 17. c6 fxe3 18. Qxe3 h5 19. O-O Bh6 20. Qd3 Qh4 21. Rc2 Rf7 22. Qg3 Qf6 23. Qd3 Bf4 24. Ne2 Bh6 25. Nf3 g5 26. Nh2 g4 27. hxg4 hxg4 28.
Rc3 Bf4 29. cxb7 Bxb7 30. Nxg4 Qg5 31. Qh3+ Kg7 32. Nxf4 exf4 33. Nh2 Bc8 34. Nf3 Qf6 35. e5 dxe5 36. Qh5 Qf5 37. Ng5 Re7 38. Be4 Qg4+ 39.
Qxg4 Bxg4 40. Bd3 Rd8 41. Bxa6 e4 42. f3 exf3 43. Nxf3 Rxd5 44. Bc4 Rh5 45. Rf2 Kf6 46. Bf1 Reh7 47. Nh2 Be6 48. Be2 Rg5+ 49. Rg2 Rxg2+ 50. Kxg2 Bd5+ 51. Bf3 Be6 52. Ng4+ Kg5 53. Nf2 Kf6 54. Rc5 Rg7+ 55. Kf1 Bb3 56. Ne4+ Ke6 57. Rc6+ Ke5 58. Rc5+ Kd4 59. Kf2 Bd5 60. Nc3 Bxf3 61. Nb5+ Ke4 62. Nc3+ Kd4 63. Kxf3 Rg3+ 64. Kxf4 Rxc3 65. Ra5 c5 66.
Rxa7 cxb4 67. axb4 Rb3 68. Rb7 Kc4 69. Ke5 Rxb4 70.
Rxb4+ Kxb4 1/2-1/2

[Event "*** SCC Grand Prix: Titled Tuesday Blitz"]
[Site "Chess.com"]
[Date "2020.09.08"]
[Round "9"]
[White "vovachesss"]
[Black "Tooweak2slow03"]
[Result "1-0"]
[WhiteElo "2684"]
[BlackElo "2771"]
[TimeControl "180+1"]
[EndTime "11:48:02 PDT"]
[Termination "vovachesss won by resignation"]

1. c4 e6 2. Nc3 Bb4 3. e4 b6 4. Qb3 a5 5. a3 Bxc3 6. Qxc3 Nf6 7. e5 Ng8 8. d4 Ne7 9. Nf3 Bb7 10. Bg5 h6 11.
Bh4 d6 12. Be2 Qd7 13. exd6 cxd6 14. d5 e5 15. Nd2 O-O 16. O-O Ng6 17. Bg3 Qe7 18.
Qe3 Nd7 19. f4 Rae8 20. f5 Nf4 21. b4 Qg5 22. Kh1 Nf6 23. Rae1 N6h5 24. Bxh5 Nxh5 25.
Bf2 Nf4 26. Bg3 Nh5 27. Qxg5 hxg5 28. Bf2 axb4 29. axb4 Nf4 30. Bxb6 Re7 31. Ne4 Rd7 32. Rb1 Rc8 33. Rfc1 Ne2 34. Rc2 Nf4 35. Nxg5 f6 36. Ne4 Nxd5 37. Bf2 Ne3 38. Bxe3 Bxe4 39. Rbc1 Bxc2 40.
Rxc2 d5 41. c5 d4 42. Bd2 d3 43. Rc4 Rd4 44. Rxd4 exd4 45. g4 Kf7 46. Kg2 Ke7 47. Kf3 Kd7 48. Ke4 Kc6 49. Kxd3 Rd8 50. Kc4 Re8 51. b5+ Kc7 52. Bf4+ Kb7 53. c6+ Kb6 54. Bd6 Re1 55. Bc5+ Kc7 56. Bxd4 Rc1+ 57. Kd5 Rb1 58. b6+ Kc8 59. b7+ Kd8 60. Ba7 Rb5+ 61. Ke6 Kc7 62.
b8=Q+ Rxb8 63. Bxb8+ Kxb8 64. Kf7 Kc7 65. Kxg7 Kxc6 66.
Kxf6 1-0

[Event "*** SCC Grand Prix: Titled Tuesday Blitz"]
[Site "Chess.com"]
[Date "2020.09.08"]
[Round "9"]
[White "MattyDPerrine"]
[Black "Hasangatin_Ramil"]
[Result "1/2-1/2"]
[WhiteElo "2381"]
[BlackElo "2583"]
[TimeControl "180+1"]
[EndTime "11:48:04 PDT"]
[Termination "Game drawn by repetition"]

1. e4 d5 2. exd5 Qxd5 3. Nc3 Qd6 4. d4 Nf6 5. Nf3 c6 6. g3 Bg4 7. Bg2 e6 8. O-O Be7 9. Bf4 Qd8 10. h3 Bxf3 11. Bxf3 O-O 12. Ne4 Nbd7 13. Qd3 Nxe4 14.
Bxe4 Nf6 15. Bg2 Nd5 16. Bd2 b5 17. c3 Rc8 18. a4 a6 19. axb5 axb5 20. Ra7 Bf6 21.
Rfa1 Qd6 22. R1a6 Rfd8 23. Be4 g6 24. Qf3 Kg7 25. Bg5 Rf8 26. h4 Bd8 27. Ra1 h6 28. Bd2 Nf6 29. Bf4 Nxe4 30. Bxd6 Nxd6 31. Qf4 Nf5 32. Qe5+ Bf6 33. Qxe6 h5 34. Qb3 Nd6 35.
Rb7 Nxb7 36. Ra7 Nd6 37. Kg2 Nc4 38. Rd7 Nb6 39. Rb7 Nd5 40. Qc2 Rfe8 41. Qb3 Re2 42. Kf3 Rce8 43. Qa3 b4 44. Qa7 R8e7 45. c4 Rxb7 46.
Qxb7 Bxd4 47. Kxe2 Nf6 48. Qxb4 c5 49. Qb3 Ng4 50.
f4 Ne3 51. Qxe3 Bxe3 52. Kxe3 Kf6 53. Kd3 Kf5 54. Kc3 Kg4 55. b4 cxb4+ 56. Kxb4 Kxg3 57. c5 g5 58. c6 gxf4 59. c7 f3 60. c8=Q f2 61. Qc4 Kg2 62. Qe4+ Kg1 63. Qe3 Kg2 64. Qe2 Kg1 65. Qe3 Kg2 66. Qe4+ Kg1 67. Qe3 1/2-1/2

[Event "*** SCC Grand Prix: Titled Tuesday Blitz"]
[Site "Chess.com"]
[Date "2020.09.08"]
[Round "9"]
[White "OscarAng"]
[Black "Manukyan_Artak"]
[Result "1-0"]
[WhiteElo "2277"]
[BlackElo "2386"]
[TimeControl "180+1"]
[EndTime "11:48:05 PDT"]
[Termination "OscarAng won on time"]

1. d4 Nf6 2. Bg5 c5 3. Nc3 cxd4 4. Qxd4 Nc6 5. Qh4 h6 6. O-O-O Qa5 7. Bxf6 exf6 8. Qa4 Bb4 9. Qxa5 Bxa5 10. Ne4 O-O 11. Nd6 Bc7 12. Nxc8 Raxc8 13. Rxd7 Nb4 14. c3 Na6 15. e3 Nc5 16. Rd2 Ne4 17. Rc2 Bb6 18. Bd3 Nxf2 19. Rxf2 Bxe3+ 20. Rd2 Rfd8 21. Kc2 Bxd2 22.
Kxd2 Rc6 23. Ne2 f5 24. Kc2 g6 25. h4 h5 26. Rd1 Kg7 27. b3 Re6 28. Nd4 Re3 29. Rd2 Rg3 30. Bf1 Kf6 31. Re2 Rg4 32.
Nf3 Re4 33. Rf2 Kg7 34. Bc4 a6 35. a4 Rd7 36. a5 Rde7 37. Bd5 Rf4 38. Kd3 Rd7 39.
c4 Kf6 40. Re2 Re7 41. Rd2 Rg4 42. Kc3 Re3+ 43. Rd3 Rxd3+ 44. Kxd3 f4 45. Bxb7 Ke7 46. Bxa6 f6 47. Bb7 g5 48. hxg5 Rxg2 49. gxf6+ Kxf6 50. a6 Ra2 51. Ke4 Ra3 52. Kxf4 Ke7 53. Ne5 Kd6 54. b4 Ra4 55. c5+ Ke6 56. Nd3 h4 57. c6 h3 58.
Nc5+ Kd6 59. Nxa4 h2 60. c7 Kxc7 61. Bh1 Kb8 62. b5 Ka7 63. Kg3 Kb8 64. Kxh2 Ka7 65. Kg3 1-0

[Event "*** SCC Grand Prix: Titled Tuesday Blitz"]
[Site "Chess.com"]
[Date "2020.09.08"]
[Round "9"]
[White "Ramu_K_FM_FT"]
[Black "IngOscarArdila"]
[Result "1/2-1/2"]
[WhiteElo "1965"]
[BlackElo "2147"]
[TimeControl "180+1"]
[EndTime "11:48:12 PDT"]
[Termination "Game drawn by repetition"]

1. e4 e5 2. Nf3 Nf6 3. Nc3 Nc6 4. Bb5 Bb4 5. O-O O-O 6. Re1 d6 7. h3 Nd4 8. Nxd4 exd4 9. Nb1 c6 10. Bf1 Re8 11.
a3 Ba5 12. b4 Bb6 13. d3 a5 14. Bb2 axb4 15. axb4 Rxa1 16. Bxa1 Be6 17. Nd2 c5 18.
Nf3 Qa8 19. Qb1 Qa6 20. g3 Ra8 21. Bg2 h6 22. Rd1 Nd7 23. Nd2 c4 24. Nxc4 Bxc4 25.
dxc4 Qxc4 26. Bf1 Qe6 27. Bxd4 Qxe4 28. Bxb6 Nxb6 29. Rxd6 Na4 30. Bd3 Qe5 31. Qd1 Kf8 32. Rd7 Rb8 33. Qf3 Qe6 34. Rxb7 Rxb7 35. Qxb7 Nb2 36.
Kg2 Nxd3 37. cxd3 Qb3 38. Qe4 g6 39. Qc4 Qb1 40. b5 Kg7 41. Qd4+ Kh7 42. b6 h5 43. Qf6 Qb3 44. Qd4 Kg8 45. h4 Qb1 46. Qd8+ Kh7 47. Qd4 Qb5 48. Qc4 Qd7 49. d4 Qb7+ 50. Kg1 Qf3 51.
Qc5 Qd1+ 52. Kg2 Qg4 53. Qd5 g5 54. Qxf7+ Kh6 55. Qf6+ Kh7 56. Qxg5 Qe4+ 57. f3 Qe2+ 58. Kg1 Qe1+ 59. Kg2 Qe2+ 60. Kg1 Qe1+ 61. Kg2 Qe2+ 1/2-1/2

[Event "*** SCC Grand Prix: Titled Tuesday Blitz"]
[Site "Chess.com"]
[Date "2020.09.08"]
[Round "9"]
[White "Alexsur1981"]
[Black "GOGIEFF"]
[Result "1/2-1/2"]
[WhiteElo "2732"]
[BlackElo "2902"]
[TimeControl "180+1"]
[EndTime "11:48:13 PDT"]
[Termination "Game drawn by agreement"]

1. e4 c5 2. Nc3 Nc6 3. Bb5 e6 4.
Bxc6 bxc6 5. d3 Ne7 6. f4 d5 7. Nf3 c4 8. dxc4 Ba6 9. b3 Ng6 10. O-O dxc4 11. Qxd8+ Rxd8 12. f5 Bc5+ 13. Kh1 cxb3 14.
Re1 bxc2 15. fxg6 hxg6 16. Bd2 Bb4 17. Rac1 Rxd2 18. Nxd2 Bxc3 19. Rxc2 Bb4 20. Rxc6 Bxd2 21. Rd1 Bf4 22. Rxa6 Rxh2+ 23. Kg1 Rh5 24. Kf2 Bc7 25. Rc6 Bb6+ 26. Kf3 Ra5 27. Rd2 Ke7 28. Rc3 f5 29.
Rcd3 Kf6 30. g4 Ra4 31. exf5 gxf5 32. gxf5 Kxf5 33. Rd7 g5 34. Rf7+ Kg6 35. Rf8 Bc5 36. Rc8 Bb4 37. Re2 Kf5 38. Rc7 Ra3+ 39. Kg2 Bc3 40.
Rf7+ Kg6 41. Rf3 g4 42. Rd3 Kf5 43. Kf1 Bb4 44. Rxa3 Bxa3 45. Rf2+ Kg5 46. Rc2 a5 47. Kg2 e5 48. Rc4 Kf5 49. Rc3 Bb4 50. Rd3 e4 51. Rd7 e3 52. Kf1 Ke4 53. Ke2 Bd2 54. Rg7 Kf4 55. a4 Kg3 56. Rg8 Kh3 57. Rh8+ Kg2 58. Rg8 g3 59. Rg7 Kh2 60. Rh7+ Kg1 61. Rg7 g2 62.
Kf3 Kf1 63. Rxg2 Ke1 64. Re2+ Kd1 65. Rxe3 Bxe3 66. Kxe3 Kc2 67. Ke2 Kc3 68. Kd1 Kb3 69. Kc1 Kxa4 70. Kb1 Kb3 1/2-1/2

[Event "*** SCC Grand Prix: Titled Tuesday Blitz"]
[Site "Chess.com"]
[Date "2020.09.08"]
[Round "9"]
[White "floplover"]
[Black "Roza_Idrisova"]
[Result "1/2-1/2"]
[WhiteElo "2303"]
[BlackElo "2166"]
[TimeControl "180+1"]
[EndTime "11:48:13 PDT"]
[Termination "Game drawn by repetition"]

1. d4 d5 2. c4 c6 3. Nf3 Nf6 4. e3 a6 5. Nc3 b5 6. c5 Bg4 7.
h3 Bxf3 8. gxf3 Nbd7 9. f4 e6 10. Bd3 g6 11. Bd2 Be7 12. Qc2 a5 13. Ne2 Nh5 14. Ng3 Ndf6 15. Ne2 Qc7 16. Ng1 Nd7 17. Nf3 f5 18. Be2 Nhf6 19. Ng5 Nf8 20. a3 Ne4 21. h4 h6 22. Nf3 Bf6 23. h5 g5 24. Ne5 g4 25. f3 Ng3 26. Rg1 Nxe2 27. Kxe2 Bxe5 28.
fxe5 gxf3+ 29. Kxf3 Qf7 30. Rh1 Kd7 31. Bc3 Nh7 32. Ke2 Ng5 33. Rag1 a4 34. Be1 Rhg8 35. Kd1 Ne4 36. Qe2 Rxg1 37. Rxg1 Rg8 38. Rh1 Rg4 39. Bf2 Rg2 40. Qe1 Rxf2 41. Qa5 Rxb2 42. Qa7+ Ke8 43. Qb8+ Ke7 44. Kc1 Rg2 45. Rh3 Qe8 46.
Qa7+ Qd7 47. Qb8 Kf7 48. Qh8 Rg7 49. Qxh6 Kg8 50. Rh1 Qf7 51. Qf4 Rg4 52. Qh6 Ng5 53. Rh4 Rxh4 54. Qxg5+ Qg7 55. Qxh4 Kh7 56. Qf6 Qg1+ 57.
Kc2 Qf2+ 58. Kd3 Qf1+ 59. Kd2 Qf2+ 60. Kd1 Qf1+ 61. Kd2 Qf2+ 62. Kd3 Qf1+ 63. Kd2 1/2-1/2

[Event "*** SCC Grand Prix: Titled Tuesday Blitz"]
[Site "Chess.com"]
[Date "2020.09.08"]
[Round "9"]
[White "Orest_Vovk"]
[Black "Taron_Shagbazyan"]
[Result "1/2-1/2"]
[WhiteElo "2498"]
[BlackElo "2667"]
[TimeControl "180+1"]
[EndTime "11:48:15 PDT"]
[Termination "Game drawn - insufficient material"]

1. Nf3 Nf6 2. h3 d5 3. e3 c5 4.
Nh2 e5 5. Ng4 Nc6 6. Be2 Be6 7.
Nxf6+ Qxf6 8. Bg4 O-O-O 9. Bxe6+ Qxe6 10. d3 f5 11. Bd2 g5 12. Qh5 h6 13. O-O Bd6 14.
e4 Nd4 15. Na3 Kb8 16. exd5 Qxd5 17. c3 Nc6 18. Rad1 Rdg8 19. Nc4 Bc7 20. a4 Qxd3 21. b3 Qd7 22. Be3 Qe7 23. Rd5 b6 24. Rfd1 f4 25.
Rd7 Qe6 26. Bc1 e4 27. Qf7 Qxf7 28. Rxf7 Rd8 29. Rfd7 Rxd7 30. Rxd7 Rd8 31. Rxd8+ Nxd8 32. Nd2 e3 33. fxe3 fxe3 34. Nc4 Nc6 35. Bxe3 Ne7 36. Kf2 Nd5 37. Bd2 Kc8 38. Ne3 Nf4 39. Kf3 Nd3 40.
Nf5 Ne5+ 41. Ke4 Nf7 42. Kd5 Kd7 43. g4 Be5 44. Nxh6 Bxc3 45. Nxf7 Bxd2 46. Ke5 a6 47. Kf5 b5 48. axb5 axb5 49. Ne5+ Kd6 50. Nf3 Be3 51. Ke4 Bc1 52. Kd3 Kd5 53. h4 gxh4 54. Nxh4 c4+ 55. bxc4+ bxc4+ 56. Kc2 Be3 57. Nf5 Bg5 58. Ng3 Kd4 59.
Ne2+ Kc5 60. Nc3 Kd4 61. Nb5+ Kc5 62. Nc3 Kd4 63. Nb5+ Kd5 64. Nc3+ Ke5 65. Nb5 Kd5 66. Na3 Kd4 67. Nxc4 Kxc4 68. Kd1 Kd4 69. Ke2 Ke4 70.
Kf2 Kf4 71. Ke2 Bh4 72. Kd3 Bg5 73. Kc4 Kg3 74. Kd5 Kh4 75. Ke6 Kxg4 1/2-1/2

[Event "*** SCC Grand Prix: Titled Tuesday Blitz"]
[Site "Chess.com"]
[Date "2020.09.08"]
[Round "9"]
[White "fireheart92"]
[Black "Leonid_Starozhilov"]
[Result "1/2-1/2"]
[WhiteElo "2846"]
[BlackElo "2693"]
[TimeControl "180+1"]
[EndTime "11:48:18 PDT"]
[Termination "Game drawn by repetition"]

1. c4 Nf6 2. Nc3 g6 3. d4 Bg7 4. h4 d6 5. e4 Nc6 6. d5 Ne5 7.
Be2 h5 8. Bg5 c6 9. Nf3 Nfg4 10.
Nxe5 Bxe5 11. Qd2 Qb6 12. Bxg4 hxg4 13. Rc1 Bd7 14. b3 Rc8 15. Bf4 Bf6 16. Bg5 Be5 17. Be3 Qa5 18. Bd4 Bxd4 19. Qxd4 f6 20. g3 c5 21. Qd2 a6 22. Ne2 Qxd2+ 23. Kxd2 Kf7 24. a3 b5 25. Rb1 Rb8 26. Nf4 Rb7 27. Nd3 Rhb8 28. Rbc1 bxc4 29. bxc4 a5 30. h5 g5 31. h6 Kg6 32. Rc2 a4 33. h7 Kg7 34.
Rcc1 Rb3 35. Rc3 R3b6 36. Kc2 Rh8 37. Rb1 Rxb1 38. Kxb1 Kxh7 39. Rc2 Rb8+ 40. Rb2 Rxb2+ 41. Kxb2 Kg6 42. Kc3 Kf7 43. Kd2 Kg6 44. Ke3 Bc8 45. Kd2 Bd7 46. Kc3 e6 47. Kd2 e5 48. Ke3 Be8 49. Nb2 Bd7 50. Kd3 Kf7 51. Ke3 Ke7 52.
Kd3 Kd8 53. Ke3 Ke7 54. Kd3 Kd8 55. Nd1 Ke7 56. Ne3 Kf7 57. Ke2 Kg6 58. Kd3 f5 59. exf5+ Bxf5+ 60. Kc3 Bd7 61. Kd2 Kf6 62. Kd3 Bf5+ 63.
Kc3 Bd7 64. Kd3 Bf5+ 65. Kc3 Bd7 66. Kd3 1/2-1/2

[Event "*** SCC Grand Prix: Titled Tuesday Blitz"]
[Site "Chess.com"]
[Date "2020.09.08"]
[Round "9"]
[White "MFguimaraes"]
[Black "DinaBelenkaya"]
[Result "1-0"]
[WhiteElo "2412"]
[BlackElo "2288"]
[TimeControl "180+1"]
[EndTime "11:48:18 PDT"]
[Termination "MFguimaraes won on time"]

1. e4 d5 2. exd5 Qxd5 3. Nc3 Qa5 4. Bc4 Nf6 5. Nf3 Bf5 6. Qe2 e6 7. d4 Nbd7 8. Bd2 Qb6 9. d5 O-O-O 10. dxe6 Bxe6 11.
Bxe6 fxe6 12. O-O e5 13. a4 Bc5 14. b4 Bd4 15. Rab1 Ng4 16. a5 Qg6 17. Nb5 Rhe8 18. c3 a6 19. cxd4 exd4 20. Qc4 axb5 21. Qxb5 Nde5 22.
Nxe5 Rxe5 23. Qc4 Rh5 24. Bf4 Ne5 25. Bxe5 Rxe5 26. Rbc1 Qd6 27. Rfd1 d3 28. Rxd3 Re1+ 29. Rxe1 Qxd3 30. Qxd3 Rxd3 31. Rb1 c6 32. Kf1 Kd7 33. b5 c5 34. a6 bxa6 35. bxa6 Ra3 36. Rb7+ Kc6 37. Rxg7 Rxa6 38. Rxh7 Ra2 39. Rh8 c4 40. Rc8+ Kd5 41. g4 Kd4 42. g5 c3 43.
h4 c2 44. Kg2 Kd3 45. h5 Ra5 46. f4 Ra4 47. Rxc2 Kxc2 48. Kf3 Kd3 49. h6 Ra1 50. g6 Rg1 51. h7 Rxg6 52. h8=Q Re6 53. Qd8+ Kc2 54.
Qd5 Re1 55. f5 Rf1+ 56. Kg4 Re1 57. f6 Rf1 58. f7 Rf6 59. Qe4+ Kd1 60. Qd4+ Ke2 61.
Qxf6 1-0

[Event "*** SCC Grand Prix: Titled Tuesday Blitz"]
[Site "Chess.com"]
[Date "2020.09.08"]
[Round "9"]
[White "MathiasWomacka"]
[Black "NotFischer"]
[Result "0-1"]
[WhiteElo "2405"]
[BlackElo "2267"]
[TimeControl "180+1"]
[EndTime "11:48:24 PDT"]
[Termination "NotFischer won on time"]

1. e4 d5 2. exd5 Nf6 3. Nf3 Bg4 4. Bb5+ Nbd7 5. h3 Bxf3 6. Qxf3 a6 7. Be2 Ne5 8. Qg3 Qxd5 9. Nc3 Qd6 10. d4 Ng6 11. Qxd6 cxd6 12. Be3 e6 13. h4 Rc8 14. h5 Ne7 15. a4 Ned5 16. Nxd5 Nxd5 17. c3 Nxe3 18.
fxe3 d5 19. Bf3 Bd6 20. e4 dxe4 21. Bxe4 b6 22. Bb7 Rd8 23. Bxa6 Bg3+ 24. Ke2 Ke7 25. Bd3 Ra8 26. Be4 Ra7 27. d5 h6 28. dxe6 Kxe6 29. Kf3 Be5 30. Rhd1 f5 31. Bc2 Raa8 32. Bb3+ Kf6 33.
Rd7 Rhf8 34. Re1 Rae8 35. Rb7 Rb8 36. Rxb8 Rxb8 37. Rd1 Re8 38. Rd5 Re7 39. Bc2 Kg5 40. Rb5 Re6 41. Bb3 Re7 42. Rxb6 Kxh5 43. a5 g5 44. a6 g4+ 45. Kf2 Bf4 46. Re6 Ra7 47.
Bc4 Kg5 48. b4 h5 49. b5 h4 50. b6 g3+ 51. Ke2 Ra8 52. b7 Rd8 53. a7 Rd2+ 54.
Ke1 Rxg2 55. b8=Q Rg1+ 56. Ke2 g2 57. Qg8+ Kh5 58. Rg6 Rf1 59. Rxg2 Bg3 0-1